 Dungeon Crawl Stone Soup version 0.30-a0-219-gf2db51d15e (webtiles) character file.

Game seed: 10121483582359164163

302 jimonade the Slicer (level 6, 0/35 HPs)
             Began as a Kobold Brigand on Oct 7, 2022.
             Was a Follower of Wu Jian.
             Succumbed to an orc wizard's poison
             ... on level 3 of the Dungeon.
             The game lasted 00:04:19 (1865 turns).

jimonade the Slicer (Kobold Brigand)                Turns: 1865, Time: 00:04:19

Health: 0/35       AC:  6    Str:  8    XL:     6   Next: 65%
Magic:  6/6        EV: 16    Int: 13    God:    Wu Jian [*.....]
Gold:   137        SH:  5    Dex: 18    Spells: 5/5 levels left

rFire   . . .      SeeInvis .    b - +2 dagger (drain)
rCold   . . .      Faith    .    (no shield)
rNeg    + . .      Spirit   .    l - +0 ring mail
rPois   .          Reflect  +    (no helmet)
rElec   .          Harm     .    c - +0 cloak
rCorr   .          Rampage  .    (no gloves)
Will    .....                    (no boots)
Stlth   ++++......               f - amulet of reflection
HPRegen 0.25/turn                j - ring of positive energy
MPRegen 0.10/turn                q - +4 ring of evasion

@: lethally poisoned (0 -> -1)
A: small, no large weapons, nightstalker 3
a: Renounce Religion


You were on level 3 of the Dungeon.
You worshipped Wu Jian.
Wu Jian was aware of your devotion.
You visited 1 branch of the dungeon, and saw 3 of its levels.

You collected 137 gold pieces.

Inventory:

Hand Weapons
 a - a +2 dagger
 b - a +2 dagger of draining (weapon)
 h - a +0 sling
Missiles
 d - 9 poisoned darts (quivered)
 e - 3 curare-tipped darts
Armour
 c - a +0 cloak (worn)
 l - a +0 ring mail (worn)
Jewellery
 f - an amulet of reflection (around neck)
 j - a ring of positive energy (left hand)
 q - a +4 ring of evasion (right hand)
Wands
 r - a wand of paralysis (6)
Scrolls
 g - a scroll of silence {unknown}
 k - 6 scrolls of identify {unknown}
 m - a scroll of immolation {unknown}
 p - a scroll of enchant armour {unknown}
 s - a scroll of teleportation {unknown}
 t - a scroll of acquirement {unknown}
 v - a scroll of amnesia {unknown}
Potions
 i - a potion of heal wounds {unknown}
 n - 2 potions of mutation {unknown}
 o - a potion of haste {unknown}
 u - a potion of curing {unknown}
 w - a potion of magic {unknown}


   Skills:
 - Level 2.1 Fighting
 + Level 8.6 Short Blades
 - Level 2.1 Throwing
 - Level 1.2 Dodging
 - Level 5.3 Stealth


You had 5 spell levels left.
You didn't know any spells.
Your spell library contained the following spells:

 Spells                   Type           Power      Damage    Failure   Level
 Static Discharge         Conj/Air       0%         2-2/arc   82%         2
 Vhi's Electric Charge    Tloc/Air       0%         N/A       96%         3
 Olgreb's Toxic Radiance  Pois           0%         N/A       100%        4
 Arcjolt                  Conj/Air       0%         1d10      100%        5
 Lightning Bolt           Conj/Air       0%         1d11      100%        5
 Ozocubu's Refrigeration  Ice            0%         4d7       100%        7
 Ignition                 Fire           0%         3d3       100%        8


Dungeon Overview and Level Annotations

Branches:
Dungeon (3/15)

Altars:
Cheibriados
Wu Jian


Innate Abilities, Weirdness & Mutations

You are small and have problems with some larger weapons.
You are completely attuned to the shadows.


Message History

Deactivating autopickup; reactivate with Ctrl-A.
The magic dart hits you.
* * * LOW HITPOINT WARNING * * *
* * * LOW HITPOINT WARNING * * *
You feel sick.
You hear some strange, mumbled words.
You are confused.
Things that are here:
a +2 dagger of venom; a +0 robe You hit something.
* * * LOW HITPOINT WARNING * * *
You feel sick.
You hit something but do no damage.
* * * LOW HITPOINT WARNING * * *
You feel sick. Something closely misses you.
You bump into the rock wall.
* * * LOW HITPOINT WARNING * * *
You feel sick. Something hits you but does no damage.
You hit something but do no damage.
* * * LOW HITPOINT WARNING * * *
You feel sick.
You miss something.
* * * LOW HITPOINT WARNING * * *
You feel sick. Something hits you but does no damage.
You hit something. The Council accepts your kill.
Reactivating autopickup.
You feel a bit more experienced.
* * * LOW HITPOINT WARNING * * *
You feel sick.
Things that are here:
a +0 dagger; a +0 robe; an orc corpse
* * * LOW HITPOINT WARNING * * *
You feel sick.
A hobgoblin comes into view.
Things that are here:
a +2 dagger of venom; a +0 robe You bump into the rock wall.
You feel less confused.
You die...

.........####.#.....#
#.....#..# ##.#.#####
#..#..# #....# #
##.....###..### #
...........# #
#........## #
##)#####.# #.####g#
#.# #..)@..# #.#
######## #.# #.# ###


You could see a hobgoblin (wandering).

Vanquished Creatures
  An ogre (D:3)
  An iron imp (D:3)
  3 orc wizards (D:3)
  Ijyb (D:3)
  3 adders
  3 dart slugs
  4 orcs (D:3)
  5 bats
  5 endoplasms (D:1)
  2 giant cockroaches
  4 goblins
  4 hobgoblins
  3 quokkas
  5 ball pythons
  5 frilled lizards
  4 kobolds
  11 rats
64 creatures vanquished.

Notes
Turn   | Place    | Note
-------+----------+-------------------------------------------
     0 | D:1      | jimonade the Kobold Brigand began the quest for the Orb.
     0 | D:1      | Reached XP level 1. HP: 12/12 MP: 1/1
    61 | D:1      | Reached skill level 3 in Short Blades
    91 | D:1      | Reached XP level 2. HP: 17/17 MP: 2/2
   196 | D:1      | Reached skill level 4 in Short Blades
   301 | D:1      | Reached XP level 3. HP: 21/21 MP: 3/3
   791 | D:2      | Found an ornate altar of the Wu Jian Council.
   796 | D:2      | Became a worshipper of the Wu Jian Council
   838 | D:2      | Reached skill level 5 in Short Blades
   845 | D:2      | Reached XP level 4. HP: 26/26 MP: 4/4
  1037 | D:2      | Reached * piety under Wu Jian
  1203 | D:3      | Noticed Ijyb
  1216 | D:3      | Killed Ijyb
  1217 | D:3      | Reached skill level 6 in Short Blades
  1270 | D:3      | Reached XP level 5. HP: 18/30 MP: 5/5
  1326 | D:3      | Found a snail-covered altar of Cheibriados.
  1343 | D:3      | Reached skill level 7 in Short Blades
  1514 | D:3      | Found a faded altar of an unknown god.
  1539 | D:3      | Noticed an ogre
  1560 | D:3      | Killed an ogre
  1561 | D:3      | Reached skill level 8 in Short Blades
  1561 | D:3      | Reached XP level 6. HP: 35/35 MP: 6/6
  1864 | D:3      | HP: 1/35 [poisoned by an orc wizard]
  1865 | D:3      | Succumbed to an orc wizard's poison

Illustrated notes

Levels and vault maps discovered:
D:1:      nagdon_arrival_zigzag_paths, layout_basic
D:2:      layout_rooms, basic_altar
D:3:      layout_basic, slow_altar_1, ebering_ecumenical_altar_rust, uniq_ijyb

Skill      XL: |  1  2  3  4  5 |
---------------+----------------+-----
Short Blades   | 3 4 5 6 8 |  8.6
Fighting       | |  2.1
Throwing       | |  2.1
Dodging        | |  1.2
Stealth        | |  5.3

Action                   |  1- 3 |  4- 6 || total
-------------------------+-------+-------++-------
Melee: Dagger            |    45 |   125 ||   170
       Punch             |       |     2 ||     2
Throw: Dart              |       |     2 ||     2
Invok: Lunge             |     4 |    15 ||    19
 Stab: Sleeping          |    16 |    14 ||    30
       Distracted        |     1 |       ||     1
Armor: Robe              |     5 |       ||     5
       Ring mail         |     2 |    12 ||    14
Dodge: Dodged            |    15 |    35 ||    50
Block: Other             |     5 |    11 ||    16
       Reflection        |       |     1 ||     1

Table legend: (Time is in decaauts)
 A = Elapsed time spent in this place.
 B = Non-inter-level travel time spent in this place.
 C = Inter-level travel time spent in this place.
 D = Time resting spent in this place.
 E = Time spent auto-exploring this place.
 F = Levels seen in this place.
 G = Mean time per level.
                   A        B        C        D        E       F      G
               +--------+--------+--------+--------+--------+-----+--------+
         Total |   1816 |   1760 |     56 |     34 |   1275 |   3 |  605.3 |
       Dungeon |   1816 |   1760 |     56 |     34 |   1275 |   3 |  605.3 |
               +--------+--------+--------+--------+--------+-----+--------+

Top non-repeatable levels by time:
     D:1: 744 daAuts
     D:3: 679 daAuts
     D:2: 392 daAuts
